 Dungeon Crawl Stone Soup version 0.24.0-123-gd5b16e6ec5 (webtiles) character file.

Game seed: 2152893007685216065, levelgen mode: deterministic

2478 Emblim88 the Covert (level 9, -3/39 HPs)
             Began as a Spriggan Venom Mage on Jan 4, 2020.
             Was an Initiate of Sif Muna.
             Killed from afar by an orc wizard (10 damage)
             ... with a puff of flame
             ... on level 6 of the Dungeon.
             The game lasted 00:36:58 (9571 turns).

Emblim88 the Covert (Spriggan Venom Mage)           Turns: 9571, Time: 00:36:59

Health: -3/39      AC:  6    Str:  4    XL:     9   Next: 27%
Magic:  18/18      EV: 22    Int: 20    God:    Sif Muna [......]
Gold:   241        SH:  0    Dex: 16    Spells: 9/19 levels left

rFire    . . .     SeeInvis +   a - -2 hunting sling
rCold    . . .     Gourm    .   (shield restricted)
rNeg     . . .     Faith    .   b - +2 robe {MR+}
rPois    .         Spirit   .   w - +1 hat
rElec    .         Reflect  .   o - +0 cloak
rCorr    .         Harm     .   (gloves unavailable)
MR       ++...                  (boots unavailable)
Stlth    +++++.....             j - amulet of magic regeneration
HPRegen  0.13/turn              (no ring)
MPRegen  0.41/turn              (no ring)

@: very quick
A: very small, unfitting armour, see invisible, herbivore, speed 3, slow
metabolism 2
a: Renounce Religion


You were on level 6 of the Dungeon.
You worshipped Sif Muna.
Sif Muna was noncommittal.
You were not hungry.

You visited 2 branches of the dungeon, and saw 8 of its levels.

You collected 241 gold pieces.

Inventory:

Hand Weapons
 a - a -2 hunting sling (weapon)
 f - a +3 short sword of freezing
 x - a +1 short sword of holy wrath
Missiles
 e - 40 poisoned darts
 l - 9 sling bullets (quivered)
 n - 258 stones
 p - 4 boomerangs
 r - a curare-tipped dart
Armour
 b - a +2 robe of magic resistance (worn)
 o - a +0 cloak (worn)
 w - a +1 hat (worn)
Jewellery
 j - an amulet of magic regeneration (around neck)
 m - an uncursed amulet of regeneration
Scrolls
 d - 5 scrolls of amnesia
 g - 9 scrolls of remove curse
 i - a scroll of enchant weapon
 k - a scroll of fog
 q - 2 scrolls of magic mapping {unknown}
 s - 2 scrolls of teleportation
 t - a scroll of blinking {unknown}
Potions
 h - 3 potions of brilliance
 u - a potion of mutation
 z - 2 potions of agility {unknown}
Comestibles
 c - 6 rations


   Skills:
 + Level 4.2 Throwing
 + Level 6.8 Dodging
 * Level 10.2 Stealth
 + Level 5.7 Spellcasting
 + Level 3.2 Conjurations
 * Level 7.0 Poison Magic


You had 9 spell levels left.
You knew the following spells:

 Your Spells              Type           Power        Failure   Level  Hunger
a - Sting                 Conj/Pois      ####         1%          1    None
b - Poisonous Vapours     Pois/Air       ###...       3%          2    None
c - Mephitic Cloud        Conj/Pois/Air  ###.....     8%          3    ##.....
d - Olgreb's Toxic Radia  Pois           ####....     6%          4    ####...

Your spell library contained the following spells:

 Spells                   Type           Power        Failure   Level  Hunger
 Venom Bolt               Conj/Pois      ####......   34%         5    #####..


Dungeon Overview and Level Annotations

Branches:
Dungeon (7/15)             Temple (1/1) D:6

Altars:
Ashenzari
Cheibriados
Dithmenos
Elyvilon
Fedhas
Gozag
Hepliaklqana
Kikubaaqudgha
Makhleb
Nemelex Xobeh
Okawaru
Qazlal
Ru
Sif Muna
Trog
Uskayaw
Vehumet
Wu Jian
Xom
Yredelemnul
The Shining One

Annotations:
D:5 Menkaure


Innate Abilities, Weirdness & Mutations

You are very small and have problems with some larger weapons.
You are too small for most types of armour.
You have supernaturally acute eyesight. (SInv)
You are a herbivore.
You cover ground extremely quickly.
You need to consume almost no food.


Message History

You see here 3 arrows.
Firing (i - inventory. (/) - cycle)
l - 10 sling bullets (quivered)
Press: ? - help, Shift-Dir - straight line, f/p - ice beast
Aim: an ice beast (moderately wounded)
You shoot a sling bullet.
The sling bullet hits the ice beast but does no damage.
The ice beast is moderately wounded.
The ice beast barely misses you.
The orc wizard hits you with a +3 dagger of freezing.
The orc wizard freezes you.
You climb upwards.
There is a stone staircase leading down here.
The orc wizard gestures at you while chanting.
The magic dart hits you! The ice beast hits you. The ice beast freezes you!
* * * LOW HITPOINT WARNING * * *
The orc wizard casts a spell at you. The puff of frost misses you.
The orc wizard casts a spell at you. The puff of flame hits you!
You die...

###)##........# #..............
.##.##........# #..............
..#.##........# #.^............
..#..###.###### #..............
..##.###.# #..............
..[.<.##.# ##.............
).##.....### ##.....#.....#
<..##).....##########..##########
........>..)#...@.[...##
####....[...o.#########
#.......#### #########


You could see an orc wizard (invisible).

Vanquished Creatures
  A centaur zombie (D:6)
  A hornet (D:6)
  Duvessa (D:5)
  An orc warrior (D:5)
  A necrophage (D:5)
  2 black bears
  2 ogres
  A centaur (D:7)
  A big kobold (D:5)
  2 elf skeletons (D:5)
  2 bullfrogs (D:6)
  A wyvern skeleton (D:6)
  A water moccasin skeleton (D:6)
  Dowan (D:5)
  2 human zombies (D:5)
  3 orc priests
  A jelly (D:6)
  3 orc wizards
  2 human skeletons (D:5)
  Natasha (thrice) (D:3)
  A worker ant (D:4)
  3 iguanas
  Robin (D:2)
  4 gnolls (D:4)
  4 adders
  A shadow imp (D:5)
  An ooze (D:3)
  An adder skeleton (D:6)
  A worm (D:3)
  4 dart slugs
  6 leopard geckos
  17 orcs
  2 ball pythons
  9 giant cockroaches
  13 goblins
  12 hobgoblins
  12 jackals
  A ball python skeleton (D:4)
  10 bats
  4 frilled lizards
  A giant cockroach zombie (D:6)
  13 kobolds
  A leopard gecko zombie (D:7)
  4 rats
158 creatures vanquished.

Notes
Turn   | Place    | Note
-------+----------+-------------------------------------------
     0 | D:1      | Emblim88 the Spriggan Venom Mage began the quest for the
                  | Orb.
     0 | D:1      | Reached XP level 1. HP: 9/9 MP: 5/5
   203 | D:1      | Reached XP level 2. HP: 13/13 MP: 3/6
   882 | D:1      | Reached XP level 3. HP: 11/16 MP: 4/8
  1119 | D:2      | Learned a level 2 spell: Poisonous Vapours
  1137 | D:2      | Learned a level 3 spell: Mephitic Cloud
  1202 | D:1      | Reached skill level 4 in Stealth
  1381 | D:2      | Reached skill level 1 in Conjurations
  1457 | D:2      | Reached skill level 1 in Throwing
  1470 | D:2      | Noticed Robin
  1489 | D:2      | Killed Robin
  1489 | D:2      | Reached XP level 4. HP: 17/21 MP: 9/9
  2150 | D:3      | Noticed Natasha
  2166 | D:3      | Killed Natasha
  2236 | D:3      | Reached XP level 5. HP: 22/24 MP: 5/10
  2364 | D:3      | Noticed Natasha
  2374 | D:3      | Killed Natasha
  2374 | D:3      | Reached skill level 5 in Stealth
  2676 | D:3      | Noticed Natasha
  2687 | D:3      | Killed Natasha
  3278 | D:4      | Reached XP level 6. HP: 28/28 MP: 10/12
  3610 | D:4      | Reached skill level 6 in Stealth
  3679 | D:4      | Learned a level 4 spell: Olgreb's Toxic Radiance
  3995 | D:5      | Entered Level 5 of the Dungeon
  4328 | D:5      | Reached XP level 7. HP: 17/32 MP: 13/13
  4854 | D:6      | Noticed Duvessa
  4854 | D:6      | Noticed Dowan
  4865 | D:5      | Killed Dowan
  4865 | D:5      | Reached skill level 5 in Poison Magic
  4912 | D:5      | Killed Duvessa
  4912 | D:5      | Reached skill level 7 in Stealth
  4997 | D:5      | Reached skill level 5 in Dodging
  5802 | D:6      | Identified the +2 ring mail "Munipty" {rN+}
  5812 | D:6      | Reached XP level 8. HP: 36/36 MP: 11/15
  5829 | D:6      | Reached skill level 8 in Stealth
  5960 | D:6      | Reached skill level 9 in Stealth
  5960 | D:6      | Reached skill level 5 in Spellcasting
  5991 | D:6      | Noticed Menkaure
  6489 | D:6      | Noticed a hornet
  6498 | D:6      | Killed a hornet
  7404 | D:5      | Reached XP level 9. HP: 32/39 MP: 18/18
  8567 | D:5      | Reached skill level 10 in Stealth
  8996 | D:6      | Found a staircase to the Ecumenical Temple.
  9020 | Temple   | Entered the Ecumenical Temple
  9313 | Temple   | Became a worshipper of Sif Muna the Loreminder
  9571 | D:6      | Killed from afar by an orc wizard

Levels and vault maps discovered:
D:1:      kennysheep_arrival_forest, layout_loops_ring
D:2:      layout_basic, uniq_robin
D:3:      layout_rooms, first_ration, serial_bayou_ford_a,
          grunt_decor_one_mirror, chequers_serial_rivers_large_a, uniq_natasha
D:4:      layout_loops_ring
D:5:      black_bear_nest_2, layout_basic, nicolae_ossuary_entry_catacombs,
          minivault_14
D:6:      layout_rooms, minmay_temple_entry_proselytizer, uniq_duvessa,
          uniq_menkaure
D:7:      layout_rooms, serial_shops, nicolae_shop_stone, uniq_joseph
Temple:   roderic_octagonal_lattice_temple

Skill      XL: |  1  2  3  4  5  6  7  8  9 |
---------------+----------------------------+-----
Stealth        | 4 5 6 7 9 10 | 10.2
Spellcasting   | 3 4 5 |  5.7
Conjurations   | 1 2 3 |  3.2
Throwing       | 1 2 3 4 |  4.2
Poison Magic   | 4 5 6 7 |  7.0
Dodging        | 4 5 6 |  6.8

Action                   |  1- 3 |  4- 6 |  7- 9 || total
-------------------------+-------+-------+-------++-------
Melee: Short sword       |     1 |    78 |   160 ||   239
 Fire: Hunting sling     |       |       |   177 ||   177
Throw: Dart              |    31 |    54 |    11 ||    96
       Throwing net      |       |     1 |     2 ||     3
 Cast: Sting             |    59 |   135 |     2 ||   196
       Poisonous Vapours |       |       |    77 ||    77
       Mephitic Cloud    |       |       |     2 ||     2
  Use: Scroll            |     3 |     3 |     1 ||     7
       Potion            |       |       |     7 ||     7
 Stab: Sleeping          |       |       |     4 ||     4
       Distracted        |       |       |     1 ||     1
  Eat: Ration            |       |       |     5 ||     5
Armor: Robe              |     1 |    14 |    36 ||    51
Dodge: Dodged            |    14 |   100 |   201 ||   315
